 Dungeon Crawl Stone Soup version 0.19-b1-3-g7dea586 (webtiles) character file.

91 manyhoops the Chucker (level 4, -7/45 HPs)
             Began as an Ogre Hunter on Oct 28, 2016.
             Killed from afar by a bat zombie (11 damage)
             ... with an exploding inner flame
             ... hexed by the player character
             ... on level 2 of the Dungeon.
             The game lasted 00:02:38 (1159 turns).

manyhoops the Chucker (Ogre Hunter)                 Turns: 1159, Time: 00:02:38

Health: -7/45      AC:  4    Str: 18    XL:     4   Next: 57%
Magic:  4/4        EV: 10    Int: 10    God:
Gold:   122        SH:  0    Dex: 10    Spells: 0 memorised, 3 levels left

rFire  + . .     SeeInvis +     t - +0 mace
rCold  + . .     Gourm    .     b - +1 robe
rNeg   . . .     Faith    .     (no shield)
rPois  +         Spirit   .     (helmet restricted)
rElec  +         Reflect  .     (no cloak)
rCorr  +         Harm     .     (gloves unavailable)
MR     +....                    (boots unavailable)
Stlth  +.........               (no amulet)
                                r - ring of see invisible
                                j - ring of protection from magic

@: resistant
A: unfitting armour, tough skin 1
a: no special abilities


You were on level 2 of the Dungeon.
You were hungry.

You visited 1 branch of the dungeon, and saw 2 of its levels.

You collected 122 gold pieces.

Inventory:

Hand Weapons
 a - a +0 short sword
 k - a +0 hunting sling
 t - a +0 mace (weapon)
Missiles
 c - 2 large rocks (quivered)
 d - 2 throwing nets
 m - 7 javelins
Armour
 b - a +1 robe (worn)
Jewellery
 j - a ring of protection from magic (left hand)
 r - a ring of see invisible (right hand)
Scrolls
 e - a scroll of noise
 l - 3 scrolls of random uselessness
Potions
 p - a potion of cure mutation {unknown}
 q - a potion of berserk rage {unknown}
Comestibles
 f - 2 bread rations
 i - 3 fruits


   Skills:
 + Level 3.2 Fighting
 + Level 0.6 Maces & Flails
 + Level 5.6 Throwing
 - Level 1.7 Dodging
 - Level 0.6 Stealth


You had 3 spell levels left.
You didn't know any spells.

Dungeon Overview and Level Annotations

Branches:
Dungeon (2/15)

Altars:
Nemelex Xobeh


Innate Abilities, Weirdness & Mutations

You are too large for most types of armour.
You have tough skin. (AC +1)


Message History

A hobgoblin comes into view. It is wielding a club.
Throwing (i - inventory. (,) - cycle):
c - 2 large rocks (quivered)
Press: ? - help, Shift-Dir - straight line, f/p - hobgoblin
Aim: a hobgoblin, wielding a club (unusually strong, inner flame)
You throw a large rock. The large rock hits the bat zombie!
The bat zombie explodes!
The fiery explosion engulfs the goblin.
The goblin explodes!
The fiery explosion engulfs you! You resist.
* * * LOW HITPOINT WARNING * * *
The fiery explosion engulfs the bat zombie.
The bat zombie explodes!
The fiery explosion engulfs the hobgoblin.
The hobgoblin explodes!
The fiery explosion engulfs the goblin.
The goblin explodes!
The fiery explosion engulfs Robin.
You kill Robin!
The fiery explosion engulfs you! You resist.
You die...

#### . #...#g⌠ ##.#.#.#
###§§.#.⌠ #§§§§#g#b# #####
#§§§#§⌠.# #...## #§§@Z#
##...## #§#gZg# ###..###
#.##.#.# #....######.#
#...# ##..........# ####
##..#.####.###### ##...##
#...#..## #....#
#...##..######
#.#..###...###......#######


You could see a bat zombie (inner flame), a hobgoblin, a goblin (inner flame)
and a bat skeleton (inner flame).

Vanquished Creatures
  Jessica (D:2)
  Robin (D:2)
  An adder (D:2)
  An ooze (D:1)
  5 dart slugs (D:1)
  A leopard gecko (D:2)
  A bat zombie (D:2)
  A giant cockroach (D:2)
  6 goblins
  A hobgoblin (D:2)
  4 bats
  A frilled lizard (D:2)
  4 kobolds
  3 rats
31 creatures vanquished.

Notes
Turn   | Place    | Note
-------+----------+-------------------------------------------
     0 | D:1      | manyhoops the Ogre Hunter began the quest for the Orb.
     0 | D:1      | Reached XP level 1. HP: 22/22 MP: 1/1
    60 | D:1      | Found a sparkling altar of Nemelex Xobeh.
   132 | D:1      | Reached XP level 2. HP: 24/29 MP: 2/2
   324 | D:1      | Reached XP level 3. HP: 6/36 MP: 3/3
   852 | D:2      | Noticed Jessica
   853 | D:2      | Killed Jessica
   853 | D:2      | Reached skill level 5 in Throwing
   853 | D:2      | Reached XP level 4. HP: 34/45 MP: 4/4
  1153 | D:2      | Noticed Robin
  1159 | D:2      | Killed Robin
  1159 | D:2      | Killed from afar by a bat zombie

Skill      XL: |  1  2  3 |
---------------+----------+-----
Fighting       | 3 |  3.2
Throwing       | 5 |  5.6
Maces & Flails | |  0.6
Dodging        | |  1.7
Stealth        | |  0.6

Action                   |  1- 3 |  4- 6 || total
-------------------------+-------+-------++-------
Melee: Short sword       |    65 |     9 ||    74
       Mace              |       |    11 ||    11
Throw: Large rock        |     9 |     5 ||    14
  Use: Scroll            |     1 |     4 ||     5
       Potion            |       |     1 ||     1
Armor: Robe              |    34 |    47 ||    81
Dodge: Dodged            |    55 |    62 ||   117
